 Dungeon Crawl Stone Soup version 0.26-a0-597-gb535b0901c (webtiles) character file.

Game seed: 13006960509166415884

2 Lanoc the Sneak (level 1, -1/19 HPs)
             Began as a Draconian Delver on Sept 14, 2020.
             Slain by a hippogriff (8 damage)
             ... on level 8 of the Dungeon.
             The game lasted 00:02:34 (413 turns).

Lanoc the Sneak (Draconian Delver)                   Turns: 413, Time: 00:02:34

Health: -1/19      AC:  4    Str: 10    XL:     1   Next: 25%
Magic:  1/1        EV: 12    Int: 10    God:
Gold:   38         SH:  0    Dex: 12    Spells: 0/0 levels left

rFire    . . .     SeeInvis .   a - +0 falchion
rCold    . . .     Faith    .   (no shield)
rNeg     . . .     Spirit   .   (armour unavailable)
rPois    .         Reflect  .   (helmet restricted)
rElec    .         Harm     .   (no cloak)
rCorr    .                      (no gloves)
MR       .....                  (no boots)
Stlth    +++.......             (no amulet)
HPRegen  0.06/turn              c - -4 ring of strength (curse)
MPRegen  0.07/turn              (no ring)

@: no status effects
A: unfitting armour, cold-blooded, AC +4
a: no special abilities


You were on level 8 of the Dungeon.
You visited 1 branch of the dungeon, and saw 4 of its levels.

You collected 38 gold pieces.

Inventory:

Hand Weapons
 a - a +0 falchion (weapon)
Jewellery
 c - a cursed -4 ring of strength (left hand)
Wands
 f - a wand of digging (3)
Scrolls
 b - a scroll of fog


   Skills:
 + Level 3.3 Fighting
 - Level 2.0 Long Blades
 + Level 1.8 Dodging
 - Level 4.5 Stealth


You couldn't memorise any spells.
You didn't know any spells.
Your spell library was empty.

Dungeon Overview and Level Annotations

Branches:
Dungeon (7/15)             Temple (0/1) D:5

Altars:
Qazlal


Innate Abilities, Weirdness & Mutations

Your plain brown scales are hard. (AC +4)
You cannot fit into any form of body armour.
You are cold-blooded and may be slowed by cold attacks.


Message History

Found a scroll labeled IREX GUCEUWK, a coppery potion and 8 gold pieces.
Found a stone staircase leading up.
A hippogriff, a bullfrog and a two-headed ogre come into view.
The bullfrog gives a loud, deep croak!
The hippogriff screeches!
The bullfrog misses you.
You riposte.
You hit the bullfrog but do no damage.
Found a stone staircase leading up.
The bullfrog hits you but does no damage.
An ice beast comes into view.
The bullfrog hits you but does no damage.
The bullfrog hits you but does no damage.
The two-headed ogre completely misses you.
The two-headed ogre hits you with a +0 giant club.
There is a stone staircase leading up here.
The bullfrog releases a deep croak.
The bullfrog closely misses you. The hippogriff bites you.
The hippogriff pecks you.
The hippogriff claws you but does no damage.
There is a stone staircase leading up here.
The bullfrog hits you. The hippogriff bites you!
You die...

########
#.$.!..#
#......##
#........
###......###
#...Y......#
#@.........#
#FH........#
#O...?.....+
#..<.......#
#..........#
############


You could see a two-headed ogre, a hippogriff, an ice beast and a bullfrog.

Vanquished Creatures
  An orc (D:6)
1 creature vanquished.

Notes
Turn   | Place    | Note
-------+----------+-------------------------------------------
     0 | D:5      | Lanoc the Draconian Delver began the quest for the Orb.
     0 | D:5      | Reached XP level 1. HP: 19/19 MP: 1/1
    48 | D:5      | Found a stormy altar of Qazlal.
    49 | D:5      | Found the +6 arbalest "Damnation" {damnation}
   345 | D:6      | Noticed a hound
   387 | D:6      | Noticed an orc priest
   387 | D:6      | Noticed an orc priest
   387 | D:6      | Noticed an orc wizard
   403 | D:7      | Noticed an orc priest
   403 | D:7      | Noticed an orc priest
   403 | D:7      | You fall into a shaft and drop 1 floor!
   404 | D:8      | Noticed a hippogriff
   404 | D:8      | Noticed a two-headed ogre
   404 | D:8      | Noticed a bullfrog
   407 | D:8      | Noticed an ice beast
   413 | D:8      | Slain by a hippogriff

Illustrated notes

Levels and vault maps discovered:
D:5:      kennysheep_spiral_hall, layout_basic, old_standard_altar,
          temple_green, kennysheep_small_spiral, skrybe_limestone_x,
          uniq_prince_ribbit1
D:6:      layout_cave_pods, minmay_misc_feat_nine_boxes
D:7:      layout_basic, eino_jars
D:8:      layout_basic, serial_shops, shop, kennysheep_cross_bottleneck,
          uniq_maurice

Action                   || total
-------------------------++-------
Melee: Falchion          ||     4
  Use: Scroll            ||     2
       Potion            ||     2
Armor: Skin              ||     6
Dodge: Dodged            ||     6
       Rpst.: Falchion   ||     1

Table legend: (Time is in decaauts)
 A = Elapsed time spent in this place.
 B = Non-inter-level travel time spent in this place.
 C = Inter-level travel time spent in this place.
 D = Time resting spent in this place.
 E = Time spent auto-exploring this place.
 F = Levels seen in this place.
 G = Mean time per level.
                   A        B        C        D        E       F      G
               +--------+--------+--------+--------+--------+-----+--------+
         Total |    394 |    394 |      0 |    154 |      5 |   4 |   98.5 |
       Dungeon |    394 |    394 |      0 |    154 |      5 |   4 |   98.5 |
               +--------+--------+--------+--------+--------+-----+--------+

Top non-repeatable levels by time:
     D:6: 275 daAuts
     D:5: 109 daAuts
     D:8: 9 daAuts
